 Dungeon Crawl Stone Soup version 0.29.1-2-gbd0b4ee654 (webtiles) character file.

Game seed: 10790541970242672157

1544 safid the Skirmisher (level 8, -2/74 HPs)
             Began as a Minotaur Hunter on Nov 28, 2022.
             Killed from afar by a steam dragon (16 damage)
             ... with a ball of steam
             ... on level 6 of the Dungeon.
             The game lasted 00:06:28 (5207 turns).

safid the Skirmisher (Minotaur Hunter)              Turns: 5207, Time: 00:06:29

Health: -2/74      AC:  6    Str: 16    XL:     8   Next: 56%
Magic:  7/7        EV: 12    Int:  6    God:
Gold:   330        SH:  0    Dex: 22    Spells: 7/7 levels left

rFire   . . .      SeeInvis .   a - +0 shortbow
rCold   . . .      Faith    .   (shield currently unavailable)
rNeg    . . .      Spirit   .   c - +0 leather armour
rPois   .          Reflect  .   (helmet restricted)
rElec   .          Harm     .   x - +0 cloak
rCorr   .          Rampage  .   h - +0 pair of gloves
Will    .....                   C - +0 pair of boots
Stlth   ++........              f - amulet of the acrobat
HPRegen 0.22/turn               o - +6 ring of dexterity
MPRegen 0.10/turn               (no ring)

@: no status effects
A: horns 2, retaliatory headbutt
a: no special abilities


You were on level 6 of the Dungeon.
You visited 1 branch of the dungeon, and saw 7 of its levels.

You collected 330 gold pieces.

Inventory:

Hand Weapons
 a - a +0 shortbow (weapon)
Armour
 c - a +0 leather armour (worn)
 h - a +0 pair of gloves (worn)
 x - a +0 cloak (worn)
 C - a +0 pair of boots (worn)
Jewellery
 f - an amulet of the acrobat (around neck)
 m - a ring of fire
 o - a +6 ring of dexterity (left hand)
Wands
 y - a wand of digging (5)
 A - a wand of paralysis (2)
Scrolls
 b - a scroll of vulnerability {unknown}
 d - 3 scrolls of enchant armour {unknown}
 e - 2 scrolls of teleportation {unknown}
 i - 3 scrolls of identify {unknown}
 k - a scroll of summoning {unknown}
 l - a scroll of torment {unknown}
 p - a scroll of blinking {unknown}
 v - a scroll of fear {unknown}
 B - a scroll of magic mapping {unknown}
Potions
 g - a potion of heal wounds {unknown}
 j - 4 potions of resistance {unknown}
 n - a potion of ambrosia {unknown}
 q - 6 potions of curing {unknown}
 r - a potion of haste {unknown}
 s - a potion of flight {unknown}
 t - 3 potions of lignification {unknown}
 u - a potion of mutation {unknown}
 w - a potion of brilliance {unknown}


   Skills:
 - Level 8.0 Fighting
 + Level 10.5 Ranged Weapons
 - Level 2.1 Dodging
 - Level 0.7 Stealth


You had 7 spell levels left.
You didn't know any spells.
Your spell library contained the following spells:

 Spells                   Type           Power      Damage    Failure   Level
 Magic Dart               Conj           0%         1d3       52%         1
 Sandblast                Erth           0%         2d4       52%         1
 Call Imp                 Summ           0%         N/A       67%         2
 Passwall                 Tmut/Erth      0%         N/A       67%         2
 Gell's Gravitas          Tloc           0%         N/A       88%         3
 Mephitic Cloud           Conj/Pois/Air  0%         N/A       88%         3
 Stone Arrow              Conj/Erth      0%         3d7       88%         3
 Teleport Other           Tloc           0%         N/A       88%         3
 Dispersal                Tloc           0%         N/A       100%        6


Dungeon Overview and Level Annotations

Branches:
Dungeon (7/15)             Temple (0/1) D:5

Altars:
Ashenzari
Makhleb
Ru
Xom


Innate Abilities, Weirdness & Mutations

You have a pair of horns on your head.
You reflexively headbutt those who attack you in melee.


Message History

You shoot an arrow. The arrow misses the adder.
You are engulfed in a cloud of scalding steam.
The adder bites you but does no damage. The steam dragon bites you.
The steam dragon misses you.
You shoot an arrow. The arrow barely misses the adder.
You are engulfed in a cloud of scalding steam.
The adder bites you but does no damage. x2; The steam dragon bites you.
The steam dragon claws you.
You are too injured to fight recklessly!
You are too injured to fight recklessly!
You are too injured to fight recklessly!
You are too injured to fight recklessly!
Unknown command.
The adder attacks as you move away! The adder closely misses you.
The adder is engulfed in a cloud of scalding steam.
You are too injured to fight recklessly!
You are too injured to fight recklessly!
You are too injured to fight recklessly!
Unknown command.
Fire: a) +0 shortbow
Press: ? - help, Q - select action, (/) - cycle Shift-Dir - straight line, f/p - adder
Aim: an adder (heavily wounded, 58% to hit)
You shoot an arrow. The arrow misses the adder.
The adder misses you. You furiously retaliate!
You headbutt the adder!
You kill the adder!
The steam dragon breathes steam at you. The ball of steam hits you!!
* * * LOW HITPOINT WARNING * * *
Unknown command.
The steam dragon attacks as you move away!
The steam dragon barely misses you. The steam dragon claws you.
* * * LOW HITPOINT WARNING * * *
Fire: a) +0 shortbow
Press: ? - help, Q - select action, (/) - cycle Shift-Dir - straight line, f - steam dragon
Aim: a steam dragon (steam, 71% to hit)
You shoot an arrow. The arrow hits the steam dragon!
The steam dragon is moderately wounded.
The steam dragon breathes steam at you. The ball of steam hits you!
You die...

### #.###### ####
###.##..<#
#..####.........
##...##....##..#.
##....#...####..#. ###
#@§...##...###....
##.####D§....##...##...#
##..#...†.........##.....
#...........##......[....
###.........###..........
##........##..#.#......
##.###...##.####......
### ##..... ##..... ##...
#......


You could see a steam dragon (catching breath).

Vanquished Creatures
  A water moccasin (D:5)
  An ice beast (D:5)
  A sky beast (D:7)
  3 black bears
  A centaur (D:7)
  2 ogres
  2 scorpions
  A necrophage (D:4)
  A jelly (D:7)
  3 hounds
  Ijyb (D:5)
  Jessica (D:2)
  Natasha (thrice) (D:3)
  4 iguanas
  Terence (D:2)
  A gnoll (D:4)
  8 adders
  A white imp (D:5)
  4 ufetubi
  4 worms
  A dart slug (D:1)
  2 orcs
  5 bats
  2 endoplasms
  4 giant cockroaches
  9 goblins
  6 hobgoblins
  4 kobolds
  5 quokkas
  6 ball pythons
  2 frilled lizards
  7 rats
97 creatures vanquished.

Notes
Turn   | Place    | Note
-------+----------+-------------------------------------------
     0 | D:1      | safid the Minotaur Hunter began the quest for the Orb.
     0 | D:1      | Reached XP level 1. HP: 18/18 MP: 0/0
   192 | D:1      | Reached XP level 2. HP: 26/26 MP: 1/1
   609 | D:2      | Reached skill level 5 in Ranged Weapons
   609 | D:2      | Reached XP level 3. HP: 18/31 MP: 2/2
   843 | D:2      | Noticed Jessica
   851 | D:2      | Killed Jessica
   852 | D:2      | Reached XP level 4. HP: 22/40 MP: 3/3
  1110 | D:2      | Found a shimmering altar of Xom.
  1191 | D:2      | Noticed Terence
  1197 | D:2      | Killed Terence
  1761 | D:3      | Noticed Natasha
  1765 | D:3      | Killed Natasha
  1766 | D:3      | Reached XP level 5. HP: 41/47 MP: 4/4
  1811 | D:3      | Noticed Natasha
  1816 | D:3      | Reached skill level 5 in Fighting
  1817 | D:3      | Killed Natasha
  1818 | D:3      | Reached skill level 6 in Ranged Weapons
  1854 | D:3      | Noticed Natasha
  1891 | D:3      | Killed Natasha
  2368 | D:4      | Found a sacrificial altar of Ru.
  2458 | D:4      | Reached XP level 6. HP: 27/57 MP: 5/5
  2874 | D:4      | Reached skill level 7 in Ranged Weapons
  3113 | D:4      | Reached XP level 7. HP: 26/64 MP: 6/6
  3562 | D:4      | Found a burning altar of Makhleb.
  3584 | D:5      | Entered Level 5 of the Dungeon
  3589 | D:5      | Noticed Ijyb
  3593 | D:5      | Paralysed by Ijyb for 2 turns
  3602 | D:5      | Paralysed by Ijyb for 2 turns
  3606 | D:5      | Killed Ijyb
  4004 | D:5      | Found a staircase to the Ecumenical Temple.
  4087 | D:5      | Reached skill level 8 in Ranged Weapons
  4262 | D:5      | Reached XP level 8. HP: 74/74 MP: 7/7
  4456 | D:5      | Reached skill level 9 in Ranged Weapons
  4744 | D:6      | You fall into a shaft and drop 1 floor!
  4968 | D:7      | Found a broken altar of Ashenzari.
  4986 | D:7      | Reached skill level 10 in Ranged Weapons
  5207 | D:6      | Killed from afar by a steam dragon

Illustrated notes

Levels and vault maps discovered:
D:1:      psy_arrival_basics, layout_rooms, minmay_hexomino_c4
D:2:      layout_loops_ring, basic_altar, uniq_terence, uniq_jessica
D:3:      layout_rooms, hex_medium, dreamdust_wishing_well, uniq_natasha
D:4:      layout_basic, makhleb_heckhound_becter, nicolae_ru_awakened_eye,
          st_stairs_10, minmay_misc_feat_rows
D:5:      layout_basic, minmay_temple_entry_glassed_door, chequers_garden,
          chequers_serial_rivers_large_a, uniq_ijyb
D:6:      layout_cave_pools
D:7:      layout_layer_cave, nicolae_tso_swordbearing_angel,
          nicolae_overflow_hidden_temple, chequers_decorated_corner

Skill      XL: |  1  2  3  4  5  6  7  8 |
---------------+-------------------------+-----
Fighting       | 3 4 5 6 8 |  8.0
Ranged Weapons | 5 6 7 8 10 | 10.5
Dodging        | |  2.1
Stealth        | |  0.7

Action                   |  1- 3 |  4- 6 |  7- 9 || total
-------------------------+-------+-------+-------++-------
 Fire: Shortbow          |    66 |   140 |   148 ||   354
Armor: Leather armour    |    12 |    21 |    23 ||    56
Dodge: Dodged            |    23 |    42 |    39 ||   104
